 Dungeon Crawl Stone Soup version 0.19-a0-1007-g133f65f (webtiles) character file.

100 mrath the Cudgeler (level 4, -3/39 HPs)
             Began as a Minotaur Fighter on July 20, 2016.
             Slain by a gnoll
             ... wielding a +0 club of chaos
              (11 damage)
             ... on level 2 of the Dungeon.
             The game lasted 00:05:02 (1708 turns).

mrath the Cudgeler (Minotaur Fighter)               Turns: 1708, Time: 00:05:02

Health: -3/39      AC:  9    Str: 26    XL:     4   Next: 47%
Magic:  3/3        EV:  6    Int:  5    God:
Gold:   93         SH:  9    Dex: 10    Spells: 0 memorised, 3 levels left

rFire  . . .     SeeInvis .     a - +0 flail
rCold  . . .     Gourm    .     j - +0 chain mail
rNeg   . . .     Faith    .     c - +0 shield
rPois  .         Spirit   .     (helmet restricted)
rElec  .         Dismiss  .     (no cloak)
rCorr  .         Reflect  .     (no gloves)
SustAt .         Harm     .     (no boots)
MR     .....                    (no amulet)
Stlth  ..........               (no ring)
                                (no ring)

@: mighty, drained, not resistant to hostile enchantments, extremely unstealthy
A: retaliatory headbutt, horns 2
a: no special abilities


You were on level 2 of the Dungeon.
You were near starving.

You visited 1 branch of the dungeon, and saw 2 of its levels.

You collected 93 gold pieces.

Inventory:

Hand Weapons
 a - a +0 flail (weapon)
 n - a cursed +0 hand axe
 p - a +0 hunting sling
 s - a +0 hunting sling
Missiles
 e - 91 stones (quivered)
 k - a throwing net
 o - 31 sling bullets
Armour
 b - a +0 scale mail
 c - a +0 shield (worn)
 j - a +0 chain mail (worn)
Scrolls
 i - 2 scrolls of teleportation {unknown}
 m - a scroll of blinking {unknown}
 q - a scroll of enchant weapon {unknown}
Potions
 g - 2 potions of lignification {unknown}
 h - 3 potions of curing
 l - a potion of heal wounds {unknown}
 r - a potion of brilliance {unknown}
Comestibles
 f - 2 bread rations


   Skills:
 - Level 3.6(3.4) Fighting
 + Level 5.8(5.6) Maces & Flails
 - Level 3.6(3.4) Armour
 - Level 3.6(3.4) Shields


You had 3 spell levels left.
You didn't know any spells.

Dungeon Overview and Level Annotations

Branches:
Dungeon (2/15)

Altars:
Cheibriados
Elyvilon
Gozag
Hepliaklqana
Nemelex Xobeh
Pakellas
Sif Muna
Trog
Vehumet


Innate Abilities, Weirdness & Mutations

You reflexively headbutt those who attack you in melee.
You have a pair of horns on your head.


Message History

The gnoll barely misses you.
The gnoll hits you with a spear of chaos.
* * * LOW HITPOINT WARNING * * *
x2 A gnoll comes into view. It is wielding a club of chaos.
Items here: )) †† a dagger of chaos; a spear of chaos; a jackal corpse; a gnoll corpse The gnoll shouts!
You sock the gnoll! Your headbutt misses the gnoll.
The gnoll is severely wounded.
The gnoll barely misses you. You furiously retaliate!
You headbutt the gnoll!!
You kill the gnoll!
You hit the jackal. Your headbutt misses the jackal.
The jackal is almost dead.
You block the jackal's attack.
You sock the jackal!
You kill the jackal!
You hit the gnoll.
The gnoll is moderately wounded.
The gnoll hits you but does no damage.
You are electrocuted!
You die...

## .# .# .#
##########
.########
#.g@.....####
........#
#.######....#
.######## ≈≈.
####.#
......# .#≈.g
#.# .######
#..g..
#.########
.....#
#.#.g#h
#...>.....
.#...#
≈......
#)########
.#<#.#
#≈.≈.≈#
#.#.......
.###.#
#.#.#####<


You could see a gnoll.

Vanquished Creatures
  3 gnolls (D:2)
  2 adders (D:2)
  An ooze (D:2)
  A worm (D:2)
  2 giant geckos (D:1)
  2 giant cockroaches (D:1)
  5 goblins
  5 hobgoblins
  6 jackals (D:2)
  5 bats
  2 giant newts (D:2)
  5 kobolds
  5 rats (D:2)
44 creatures vanquished.

Notes
Turn   | Place    | Note
-------+----------+-------------------------------------------
     0 | D:1      | mrath the Minotaur Fighter began the quest for the Orb.
     0 | D:1      | Reached XP level 1. HP: 19/19 MP: 0/0
    74 | D:1      | Reached skill level 3 in Maces & Flails
   210 | D:1      | Reached XP level 2. HP: 26/26 MP: 1/1
   223 | D:1      | Found a sparkling altar of Nemelex Xobeh.
   587 | D:1      | Reached skill level 4 in Maces & Flails
   665 | D:2      | Reached XP level 3. HP: 31/31 MP: 2/2
   773 | D:2      | Found a deep blue altar of Sif Muna.
   998 | D:2      | Reached skill level 5 in Maces & Flails
  1132 | D:2      | Found a radiant altar of Vehumet.
  1294 | D:2      | Found a snail-covered altar of Cheibriados.
  1294 | D:2      | Found an opulent altar of Gozag.
  1295 | D:2      | Found a white marble altar of Elyvilon.
  1295 | D:2      | Found a bloodstained altar of Trog.
  1296 | D:2      | Found a hazy altar of Hepliaklqana.
  1436 | D:2      | Found an oddly glowing altar of Pakellas.
  1693 | D:2      | Reached XP level 4. HP: 33/39 MP: 3/3
  1708 | D:2      | Slain by a gnoll

Vault maps used:
D:1:      co_arrival_square_in_a_square_in_a_square,
          nemelex_xobeh_ov_fountains_minmay
D:2:      nicolae_overflow_hidden_temple, minitemple, tgw_xom,
          grunt_pakellas_sulfur, first_bread

Skill      XL: |  1  2  3 |
---------------+----------+-----
Maces & Flails | 3 4 5 |  5.8
Fighting       | |  3.6
Armour         | |  3.6
Shields        | |  3.6

Action                   |  1- 3 |  4- 6 || total
-------------------------+-------+-------++-------
Melee: Flail             |    88 |    12 ||   100
       Headbutt          |    16 |     2 ||    18
  Use: Potion            |       |     2 ||     2
  Eat: Chunk             |     1 |       ||     1
Armor: Scale mail        |     3 |       ||     3
       Chain mail        |    41 |     7 ||    48
Dodge: Dodged            |    23 |     4 ||    27
Block: Shield            |    46 |     7 ||    53
